 Dungeon Crawl Stone Soup version 0.26-a0-707-g31817bcca1 (webtiles) character file.

Game seed: 18317927915584019735

95 marklar909 the Chopper (level 4, -1/41 HPs)
             Began as a Hill Orc Monk on Oct 27, 2020.
             Slain by an orc
             ... wielding a +0 trident
              (6 damage)
             ... on level 3 of the Dungeon.
             The game lasted 00:02:44 (2407 turns).

marklar909 the Chopper (Hill Orc Monk)              Turns: 2407, Time: 00:02:45

Health: -1/41      AC:  3    Str: 14    XL:     4   Next: 65%
Magic:  4/4        EV:  9    Int: 10    God:
Gold:   187        SH:  9    Dex: 13    Spells: 3/3 levels left

rFire    . . .     SeeInvis .   a - +0 hand axe
rCold    . . .     Faith    .   o - +2 kite shield
rNeg     . . .     Spirit   .   g - +0 leather armour (curse)
rPois    .         Reflect  .   (no helmet)
rElec    .         Harm     .   (no cloak)
rCorr    .         Rampage  .   (no gloves)
MR       .....                  (no boots)
Stlth    ++........             (no amulet)
HPRegen  0.13/turn              (no ring)
MPRegen  0.09/turn              (no ring)

@: no status effects
A: no striking features
a: no special abilities


You were on level 3 of the Dungeon.
You visited 1 branch of the dungeon, and saw 3 of its levels.

You collected 187 gold pieces.

Inventory:

Hand Weapons
 a - a +0 hand axe (weapon)
Armour
 b - a +0 chain mail
 g - a cursed +0 leather armour (worn)
 o - a +2 kite shield (worn)
Jewellery
 p - an uncursed ring of protection from fire {unknown}
 s - a cursed ring of attention {unknown}
Scrolls
 d - 2 scrolls of amnesia {unknown}
 h - 2 scrolls of fear {unknown}
 i - 3 scrolls of remove curse {unknown}
 l - 3 scrolls of identify {unknown}
 q - a scroll of immolation {unknown}
 r - a scroll of enchant weapon {unknown}
Potions
 c - a potion of flight {unknown}
 e - a potion of might {unknown}
 f - a potion of invisibility {unknown}
 j - a potion of cancellation {unknown}
 k - a potion of degeneration {unknown}
 m - a potion of heal wounds {unknown}
 n - a potion of curing


   Skills:
 + Level 4.5 Fighting
 + Level 5.2 Axes
 + Level 1.4 Armour
 + Level 2.7 Dodging
 + Level 1.8 Stealth
 + Level 0.6 Shields


You had 3 spell levels left.
You didn't know any spells.
Your spell library was empty.

Dungeon Overview and Level Annotations

Branches:
Dungeon (3/15)

Altars:
Cheibriados
Elyvilon
Vehumet


Message History

* * * LOW HITPOINT WARNING * * *
The hound bites you but does no damage. You block the orc's attack.
Unknown command.
You closely miss the hound.
The hound is lightly wounded.
The hound bites you but does no damage. The orc barely misses you.
The hound bites you but does no damage.
Unknown command.
You hit the hound.
The hound is heavily wounded.
The hound bites you.
* * * LOW HITPOINT WARNING * * *
The orc hits you from afar with a +0 trident.
* * * LOW HITPOINT WARNING * * *
Unknown command.
You hit the hound but do no damage.
The hound is heavily wounded.
The hound bites you but does no damage. The hound barely misses you.
The orc hits you from afar with a +0 trident.
You die...

#......# #.# ......#
#.# .....# ######.#
....# #....#.# ...###
####.#.##### .....###
#..........#
#......###
####.#.###.#
###......###
####....##
###..o.o.#+#oh@.....#
###..o...#o###...##
###....o.# ##.##
###..### #.# #### #.#
#+#


You could see a hound and 3 orcs.

Vanquished Creatures
  A gnoll (D:1)
  3 adders (D:2)
  A dart slug (D:1)
  2 leopard geckos (D:2)
  2 ball pythons (D:2)
  6 bats
  3 giant cockroaches
  9 goblins
  6 hobgoblins
  6 jackals (D:1)
  4 kobolds
  3 frilled lizards
  4 rats
50 creatures vanquished.

Notes
Turn   | Place    | Note
-------+----------+-------------------------------------------
     0 | D:1      | marklar909 the Hill Orc Monk began the quest for the Orb.
     0 | D:1      | Reached XP level 1. HP: 19/19 MP: 1/1
   186 | D:1      | Reached XP level 2. HP: 19/27 MP: 2/2
   439 | D:1      | Reached XP level 3. HP: 30/33 MP: 3/3
  1569 | D:2      | Reached skill level 5 in Axes
  1569 | D:2      | Reached skill level 1 in Armour
  1569 | D:2      | Reached XP level 4. HP: 34/41 MP: 4/4
  1667 | D:2      | Found a snail-covered altar of Cheibriados.
  1667 | D:2      | Found a radiant altar of Vehumet.
  1803 | D:2      | Found a white marble altar of Elyvilon.
  2407 | D:3      | Slain by an orc

Illustrated notes

Levels and vault maps discovered:
D:1:      dpeg_arrival_stone_temple_mockup, layout_loops_ring,
          serial_park_tiny_1
D:2:      layout_rooms, elyvilon_altar_4,
          chequers_temple_overflow_statue_of_worship
D:3:      minmay_razor_zed, layout_loops_corners,
          nicolae_ru_the_path_less_chosen

Skill      XL: |  1  2  3 |
---------------+----------+-----
Fighting       | 4 |  4.5
Axes           | 5 |  5.2
Armour         | 1 |  1.4
Dodging        | |  2.7
Stealth        | |  1.8
Shields        | |  0.6

Action                   |  1- 3 |  4- 6 || total
-------------------------+-------+-------++-------
Melee: Hand axe          |    93 |    67 ||   160
  Use: Potion            |       |     1 ||     1
Armor: Leather armour    |    28 |    20 ||    48
       Robe              |     1 |       ||     1
Dodge: Dodged            |    57 |    28 ||    85
Block: Kite shield       |    32 |    35 ||    67

Table legend: (Time is in decaauts)
 A = Elapsed time spent in this place.
 B = Non-inter-level travel time spent in this place.
 C = Inter-level travel time spent in this place.
 D = Time resting spent in this place.
 E = Time spent auto-exploring this place.
 F = Levels seen in this place.
 G = Mean time per level.
                   A        B        C        D        E       F      G
               +--------+--------+--------+--------+--------+-----+--------+
         Total |   2428 |   2385 |     43 |    388 |   1583 |   3 |  809.3 |
       Dungeon |   2428 |   2385 |     43 |    388 |   1583 |   3 |  809.3 |
               +--------+--------+--------+--------+--------+-----+--------+

Top non-repeatable levels by time:
     D:1: 1493 daAuts
     D:2: 746 daAuts
     D:3: 188 daAuts
